 Dungeon Crawl Stone Soup version 0.28.0-53-g5a82cb258f (webtiles) character file.

Game seed: 372958749535680455

105 Legadrian the Ruffian (level 4, 0/44 HPs)
             Began as a Troll Berserker on July 1, 2022.
             Was a Believer of Trog.
             Killed from afar by Sigmund (7 damage)
             ... with a magic dart
             ... on level 2 of the Dungeon.
             The game lasted 00:04:09 (918 turns).

Legadrian the Ruffian (Troll Berserker)              Turns: 918, Time: 00:04:10

Health: 0/44       AC:  4    Str: 27    XL:     4   Next: 53%
Magic:  3/3        EV: 10    Int:  3    God:    Trog [**....]
Gold:   81         SH:  0    Dex:  9    Spells: 3/3 levels left

rFire   . . .      SeeInvis .     - Unarmed
rCold   . . .      Faith    .   (no shield)
rNeg    . . .      Spirit   .   a - +0 animal skin
rPois   .          Reflect  .   (helmet restricted)
rElec   .          Harm     .   (no cloak)
rCorr   .          Rampage  .   (gloves unavailable)
Will    .....                   (boots unavailable)
Stlth   +.........              (no amulet)
HPRegen 0.94/turn               (no ring)
MPRegen 0.08/turn               (no ring)

@: on berserk cooldown, slowed, very slow
A: large, unfitting armour, claws 3, regeneration 1, shaggy fur 1, tough skin 1
a: Renounce Religion, Berserk, Trog's Hand


You were on level 2 of the Dungeon.
You worshipped Trog.
Trog was pleased with you.
You visited 1 branch of the dungeon, and saw 2 of its levels.

You collected 81 gold pieces.

Inventory:

Missiles
 d - 2 throwing nets (quivered)
Armour
 a - a +0 animal skin (worn)
 b - a +0 leather armour
Scrolls
 e - a scroll of identify
 f - a scroll of enchant weapon {unknown}
 h - a scroll of fear
Potions
 c - a potion of flight {unknown}
 g - a potion of ambrosia {unknown}


   Skills:
 - Level 2.4 Fighting
 - Level 2.4 Dodging
 + Level 5.4 Unarmed Combat


You had 3 spell levels left.
You didn't know any spells.
Your spell library was empty.

Dungeon Overview and Level Annotations

Branches:
Dungeon (2/15)

Altars:

Annotations:
D:2 Sigmund


Innate Abilities, Weirdness & Mutations

You are too large for most types of armour.
You have claws for hands.
Your natural rate of healing is unusually fast.
You are covered in fur. (AC +1)
You have tough skin. (AC +1)


Message History

You closely miss something. You closely miss something.
You hear some strange, mumbled words.
You are confused.
You bump into the rock wall.
You bump into the rock wall.
You feel a strong urge to attack something.
Something hits you!
You mangle something!! Your claw misses something. Something hits you!
You feel a strong urge to attack something.
You are no longer berserk.
You are exhausted.
You feel yourself slow down.
You feel less confused.
You hear some strange, mumbled words.
You are confused.
You hear some strange, mumbled words.
Something tries to affect you, but you resist.
You're too confused to move!
A magic dart appears from out of thin air!
The magic dart hits you. Something hits you. Something hits you.
You feel less confused. Something hits you but does no damage.
You hear some strange, mumbled words.
Something tries to affect you, but you resist.
Something hits you! Something hits you! Something hits you.
* * * LOW HITPOINT WARNING * * *
Found 12 gold pieces.
Something hits you!
* * * LOW HITPOINT WARNING * * *
A puff of flame appears from out of thin air!
The puff of flame hits you.
* * * LOW HITPOINT WARNING * * *
A magic dart appears from out of thin air!
The magic dart hits you!
You die...

####............... .#
###..................
$.##....................
#.....#..................
^.....##.{...........#....
##.#..............#####.#.
#.#..............# #.#.
#.#..............# #... ..[.
#.#.....@........# ###.## .....
#.#..#.#........## #...# .....
#.#..............# #...#
....)####....##..........###..##
.......††................##<..# #
....#.###†....#.............#.###
.............##...........##..##.
#.###.....#...#........#........
.#.# ##....#.#..)......#####...##


There were no monsters in sight!

Vanquished Creatures
  Jessica (D:2)
  An adder (D:2)
  A worm (D:2)
  3 dart slugs (D:1)
  4 endoplasms
  2 giant cockroaches (D:2)
  6 goblins
  4 hobgoblins (D:1)
  9 jackals
  3 kobolds
  3 quokkas
  8 ball pythons
  3 bats
  4 frilled lizards
  5 rats (D:1)
57 creatures vanquished.

Notes
Turn   | Place    | Note
-------+----------+-------------------------------------------
     0 | D:1      | Legadrian the Troll Berserker began the quest for the Orb.
     0 | D:1      | Reached XP level 1. HP: 22/22 MP: 0/0
   109 | D:1      | Reached XP level 2. HP: 23/29 MP: 1/1
   187 | D:1      | Reached skill level 4 in Unarmed Combat
   252 | D:1      | Reached ** piety under Trog
   253 | D:1      | Reached XP level 3. HP: 36/36 MP: 2/2
   491 | D:1      | Found a faded altar of an unknown god.
   581 | D:2      | Noticed Jessica
   589 | D:2      | Killed Jessica
   590 | D:2      | Reached skill level 5 in Unarmed Combat
   590 | D:2      | Reached XP level 4. HP: 44/44 MP: 3/3
   894 | D:2      | Noticed Sigmund
   918 | D:2      | Killed from afar by Sigmund

Illustrated notes

Levels and vault maps discovered:
D:1:      amcnicky_arrival_blooded_trapdoor, layout_rooms,
          shapermc_ecumenical_altar_hornbeckon, minmay_heptomino_l4
D:2:      layout_rooms, minmay_misc_feat_diagonals, uniq_jessica, uniq_sigmund

Skill      XL: |  1  2  3 |
---------------+----------+-----
Unarmed Combat | 4 5 |  5.4
Fighting       | |  2.4
Dodging        | |  2.4

Action                   |  1- 3 |  4- 6 || total
-------------------------+-------+-------++-------
Melee: Unarmed           |   101 |    36 ||   137
       Punch             |     2 |     3 ||     5
Invok: Berserk           |     1 |     1 ||     2
  Use: Scroll            |     3 |       ||     3
Armor: Animal skin       |    37 |    12 ||    49
Dodge: Dodged            |    70 |    15 ||    85
